 Seeded DCSS version 0.30-a0-859-gf88a04b62d (webtiles) character file.

Game seed: 16863753794415088763 (custom seed)

9776 Mickster the Fighter (level 11, 0/68 HPs)
             Began as a Gargoyle Monk on Mar 7, 2023.
             Slain by a black mamba (9 damage)
             ... on level 2 of the Lair of Beasts.
             The game lasted 02:24:47 (10737 turns).

Mickster the Fighter (Gargoyle Monk)               Turns: 10737, Time: 02:24:48

Health: 0/68       AC: 31    Str: 19      XL:     11   Next: 51%
Magic:  18/18      EV:  7    Int:  8 (11) God:
Gold:   261        SH:  5    Dex: 12      Spells: 16/19 levels left

rFire   . . .      SeeInvis .    K - +3 long sword
rCold   . . .      Faith    .    (no shield)
rNeg    + . .      Spirit   .    n - +0 plate armour
rPois   ∞          Reflect  +    p - +2 hat
rElec   +          Rampage  .    (no cloak)
rCorr   +                        m - +1 pair of gloves
Will    .....                    E - +1 pair of boots Stlth
                                 A - amulet of reflection
HPRegen 0.31/turn                b - ring of resist corrosion
MPRegen 0.16/turn                y - +4 ring of protection

@: flying
A: sickness immunity, AC +8, negative energy resistance 1, electricity
resistance, torment resistance 1, petrification resistance, big wings, hooves 1,
horns 1
a: no special abilities


You were on level 2 of the Lair of Beasts.
You visited 2 branches of the dungeon, and saw 12 of its levels.

You collected 514 gold pieces.
You spent 253 gold pieces at shops.

Inventory:

Hand Weapons
 a - a +1 dagger of distortion
 e - the +3 spear of Cuikull {elec, rCorr Str+2 Int-2}
   (You found it on level 2 of the Dungeon)

   Str:       It affects your strength (+2).
   Int:       It affects your intelligence (-2).
   rCorr:     It protects you from acid and corrosion.
 u - a +3 dire flail of protection
 B - a +0 flail of protection
 I - a +2 halberd
 J - a +3 glaive of draining
 K - a +3 long sword (weapon)
 L - a +0 short sword of venom
 M - a +0 whip of flaming
 O - a +3 falchion
 P - a +0 shortbow
 T - a +0 heavy falchion
 U - a +2 broad axe
Missiles
 i - 52 stones
 l - a throwing net
 q - 12 poisoned darts
 X - 4 javelins (quivered)
 Y - 3 curare-tipped darts
Armour
 k - a +0 chain mail
 m - a +1 pair of gloves (worn)
 n - a +0 plate armour (worn)
 p - a +2 hat (worn)
 C - the +2 scale mail of Noon {Int+3}
   (You found it on level 7 of the Dungeon)

   Int:       It affects your intelligence (+3).
 E - a +1 pair of boots (worn)
 G - +0 steam dragon scales
 N - the +3 leather armour of the Tormentor {Int+5}
   (You found it on level 2 of the Lair of Beasts)

   Int:       It affects your intelligence (+5).
 V - a +0 helmet
Magical Staves
 h - a staff of fire
 R - a staff of death
Jewellery
 b - a ring of resist corrosion (left hand)
 f - an amulet of guardian spirit
 g - an amulet of faith
 r - a ring of magical power
 y - a +4 ring of protection (right hand)
 A - an amulet of reflection (around neck)
Wands
 s - a wand of digging (3)
 v - a wand of roots (32)
 w - a wand of mindburst (6)
 x - a wand of polymorph (16)
 D - a wand of flame (22)
 F - a wand of light (6)
 W - a wand of paralysis (6)
Scrolls
 d - 3 scrolls of teleportation
 j - 17 scrolls of identify
 t - a scroll of magic mapping
 z - 3 scrolls of fear
 H - a scroll of poison
Potions
 c - 3 potions of ambrosia
 o - 2 potions of heal wounds
 Q - a potion of curing


   Skills:
 * Level 8.0 Fighting
 - Level 5.6 Maces & Flails
 - Level 6.8 Polearms
 * Level 5.5 Throwing
 + Level 6.2 Armour
 + Level 4.1 Dodging
 + Level 2.9 Stealth
 + Level 2.0 Shields
 * Level 4.8 Spellcasting
 + Level 0.1 Summonings
 + Level 0.7 Necromancy
 * Level 5.4 Fire Magic
 * Level 5.1 Evocations


You had 16 spell levels left.
You knew the following spells:

 Your Spells              Type           Power      Damage    Failure   Level
a - Necrotise             Necr           12%        1d4       99%         1
b - Summon Small Mammal   Summ           8%         N/A       100%        1
c - Apportation           Tloc           2%         N/A       100%        1

Your spell library contained the following spells:

 Spells                   Type           Power      Damage    Failure   Level
 Ensorcelled Hibernation  Hex/Ice        2%         N/A       100%        2
 Passwall                 Tmut/Erth      0%         N/A       100%        2
 Poisonous Vapours        Pois/Air       2%         N/A       100%        2
 Gell's Gravitas          Tloc           1%         N/A       100%        3
 Mephitic Cloud           Conj/Pois/Air  1%         N/A       100%        3
 Summon Guardian Golem    Hex/Summ       2%         N/A       100%        3
 Swiftness                Air            1%         N/A       100%        3
 Teleport Other           Tloc           1%         N/A       100%        3
 Tukima's Dance           Hex            1%         N/A       100%        3
 Passage of Golubria      Tloc           1%         N/A       100%        4
 Petrify                  Tmut/Erth      1%         N/A       100%        4
 Summon Ice Beast         Ice/Summ       2%         N/A       100%        4
 Blade Hands              Tmut           0%         N/A       100%        5
 Irradiate                Conj/Tmut      0%         3d11      100%        5
 Summon Mana Viper        Hex/Summ       2%         N/A       100%        5
 Yara's Violent Unravell  Hex/Tmut       0%         3d3       100%        5
 Dispersal                Tloc           0%         N/A       100%        6
 Dragon Form              Tmut           0%         N/A       100%        7
 Monstrous Menagerie      Summ           1%         N/A       100%        7
 Orb of Destruction       Conj           0%         9d5       100%        7
 Spellforged Servitor     Conj/Summ      1%         N/A       100%        7
 Chain Lightning          Conj/Air       0%         2d1       100%        9
 Fire Storm               Conj/Fire      3%         8d1       100%        9
 Shatter                  Erth           0%         3d5*      100%        9
 Cigotuvi's Dreadful Rot  Necr/Pois/Air  Unusable   N/A       N/A         2
 Sublimation of Blood     Necr           Unusable   N/A       N/A         2

Dungeon Overview and Level Annotations

Branches:
Dungeon (10/15)            Temple (0/1) D:4            Lair (2/5) D:10
  Swamp: Lair:2-3    Shoals: Lair:2-3     Snake: Lair:2-3    Spider: Lair:2-3
    Orc: D:9-12

Altars:
Ashenzari
Elyvilon
Qazlal
Trog
Uskayaw
The Shining One

Shops:
D:5 *   D:9 ?   D:10 (


Innate Abilities, Weirdness & Mutations

You are immune to sickness and miasma.
Your stone body is resilient. (AC +8)
You are immune to poison.
You resist negative energy. (rN+)
You are resistant to electric shocks. (rElec)
You are resistant to unholy torment.
You are immune to petrification.
Your large and strong wings let you fly.
You have large cloven feet.
You have a pair of small horns on your head.


Message History

The naga hits you but does no damage.
You closely miss the black mamba. Your headbutt misses the black mamba.
The black mamba is heavily wounded.
The black mamba bites you. You block the black mamba's attack.
The naga hits you from afar with a +0 halberd!
The black mamba bites you but does no damage.
You barely miss the black mamba. Your headbutt misses the black mamba.
The black mamba is heavily wounded.
The black mamba bites you! The naga hits you but does no damage.
The black mamba bites you but does no damage.
The naga hits you from afar with a +0 halberd!
You barely miss the black mamba.
The black mamba is heavily wounded.
The black mamba barely misses you. You block the black mamba's attack.
The naga hits you but does no damage. The black mamba barely misses you.
You closely miss the black mamba.
The black mamba is heavily wounded.
The black mamba bites you but does no damage.
The naga closely misses you.
The black mamba bites you but does no damage.
The naga barely misses you.
You hit the black mamba.
You headbutt the black mamba, but do no damage.
The black mamba is heavily wounded.
The black mamba bites you but does no damage.
You block the naga's attack. The black mamba completely misses you.
The naga closely misses you. The black mamba barely misses you.
The naga hits you from afar with a +0 halberd.
You closely miss the black mamba. Your headbutt misses the black mamba.
The black mamba is heavily wounded.
The black mamba bites you but does no damage.
The naga closely misses you. The black mamba barely misses you.
The naga hits you from afar with a +0 halberd.
* * * LOW HITPOINT WARNING * * *
The naga hits you from afar with a +0 glaive!
* * * LOW HITPOINT WARNING * * *
You hit the black mamba but do no damage.
The black mamba is heavily wounded.
The black mamba closely misses you. The black mamba bites you!
You die...

. #. ##...#. .#. ..... .. ....# #
..##..... ....## ...PP....#
#....# .........# #NN#.#
#########
.........#######S..######........
................@.###..##........
P.##.............................
#..#.#......................###.#
#.#.#.......................# ###
.........P#####............P#
.....^....# # #P...####....##
#P###.....###.##..## ##...# ###
##............#####....###### #
#............#.##...........


You could see a black mamba and 2 nagas.

Vanquished Creatures
  2 two-headed ogres
  Urug (Lair:1)
  A black mamba (Lair:1)
  2 cane toads
  A rime drake (Lair:1)
  Maggie (D:9)
  A troll (D:7)
  A hornet (D:9)
  A polar bear (Lair:1)
  3 blink frogs (Lair:2)
  2 shadows
  A wraith (D:9)
  A wyvern (Lair:1)
  2 steam dragons
  Menkaure (D:5)
  Edmund (D:5)
  A water moccasin (Lair:1)
  3 black bears
  2 ice beasts (D:6)
  4 wolves (Lair:1)
  5 centaurs
  2 kobold brigands
  7 bullfrogs
  2 gnoll sergeants
  A scorpion (D:6)
  8 wights
  8 killer bees
  8 electric eels
  7 howler monkeys
  2 gnoll boudas (D:7)
  An orc priest (D:3)
  2 hounds (D:6)
  2 jellies
  2 sleepcaps (D:6)
  2 iguanas (D:5)
  5 hell rats (Lair:1)
  4 orc wizards (D:9)
  20 gnolls
  7 adders
  3 white imps
  2 worms
  A dart slug (D:5)
  15 orcs
  A bat (D:1)
  2 endoplasms
  5 giant cockroaches
  3 goblins
  3 hobgoblins
  3 jackals (D:2)
  10 kobolds
  2 quokkas
  8 ball pythons
  25 rats
210 creatures vanquished.

Vanquished Creatures (others)
  Sonja (Lair:1)
  An orc wizard (D:6)
  7 fungi
  30 plants
39 creatures vanquished.

Grand Total: 249 creatures vanquished

Notes
Turn   | Place    | Note
-------+----------+-------------------------------------------
     0 | D:1      | Mickster the Gargoyle Monk began the quest for the Orb.
     0 | D:1      | Reached XP level 1. HP: 14/14 MP: 1/1
   182 | D:1      | Reached XP level 2. HP: 18/19 MP: 2/2
   526 | D:1      | Found a faded altar of an unknown god.
   850 | D:2      | Reached XP level 3. HP: 21/23 MP: 3/3
   876 | D:2      | Identified the +3 spear of Cuikull {elec, rCorr Str+2
                  | Int-2}
  1285 | D:2      | Reached XP level 4. HP: 29/29 MP: 4/4
  1504 | D:3      | Found a broken altar of Ashenzari.
  1829 | D:3      | Reached skill level 1 in Polearms
  2167 | D:3      | Reached skill level 4 in Fighting
  2498 | D:4      | Reached XP level 5. HP: 19/33 MP: 5/5
  2542 | D:4      | Reached skill level 1 in Armour
  2591 | D:4      | Found a staircase to the Ecumenical Temple.
  3049 | D:5      | Entered Level 5 of the Dungeon
  3082 | D:5      | Reached skill level 1 in Spellcasting
  3086 | D:5      | Reached XP level 6. HP: 30/39 MP: 7/7
  3161 | D:5      | Noticed Edmund
  3198 | D:5      | Killed Edmund
  3199 | D:5      | Reached skill level 1 in Fire Magic
  3531 | D:5      | Reached skill level 1 in Throwing
  3578 | D:5      | Found Lidonal's Overcharged Wands.
  3633 | D:5      | Noticed Menkaure
  3636 | D:5      | Gained mutation: You have a pair of small horns on your
                  | head. [potion of mutation]
  3636 | D:5      | Gained mutation: Your large and strong wings let you fly.
                  | [potion of mutation]
  3636 | D:5      | Gained mutation: You have large cloven feet. [potion of
                  | mutation]
  3641 | D:5      | Killed Menkaure
  3642 | D:5      | Reached skill level 1 in Evocations
  3642 | D:5      | Reached XP level 7. HP: 33/44 MP: 5/9
  3717 | D:6      | Reached skill level 5 in Fighting
  3931 | D:6      | Reached XP level 8. HP: 41/49 MP: 7/11
  4324 | D:6      | Noticed a +0 short sword
  4324 | D:6      | Noticed a +0 short sword
  4325 | D:6      | Noticed a +0 spear
  4325 | D:6      | Noticed a +0 falchion
  4325 | D:6      | Noticed a +0 dagger
  4326 | D:6      | Noticed a +0 falchion
  4327 | D:6      | Noticed a +0 spear
  4327 | D:6      | Noticed a +0 dagger
  4343 | D:6      | Found a hide-covered altar of Uskayaw.
  4474 | D:6      | Reached skill level 5 in Maces & Flails
  4748 | D:7      | Identified the +2 scale mail of Noon {Int+3}
  4775 | D:7      | Found a transporter.
  4868 | D:7      | Found a transporter.
  4924 | D:7      | Reached XP level 9. HP: 24/55 MP: 6/13
  5386 | D:7      | Reached skill level 6 in Fighting
  5411 | D:7      | Noticed a troll
  5426 | D:7      | Killed a troll
  5905 | D:8      | Found a glowing golden altar of the Shining One.
  6237 | D:9      | Noticed Maggie
  6258 | D:9      | Killed Maggie
  6695 | D:9      | Reached skill level 5 in Polearms
  6695 | D:9      | Reached XP level 10. HP: 48/61 MP: 12/15
  6743 | D:9      | Reached skill level 5 in Armour
  6807 | D:9      | Learned a level 1 spell: Necrotise
  6833 | D:9      | Noticed a two-headed ogre
  6853 | D:9      | Killed a two-headed ogre
  6859 | D:9      | Reached skill level 7 in Fighting
  7178 | D:9      | Found Ekleukky's Magic Scroll Shop.
  7181 | D:9      | Bought a scroll of enchant armour for 97 gold pieces
  7181 | D:9      | Bought 2 scrolls of identify for 52 gold pieces
  7563 | D:9      | Bought 2 scrolls of fear for 104 gold pieces
  7642 | D:10     | Entered Level 10 of the Dungeon
  7896 | D:10     | Noticed a two-headed ogre
  7909 | D:10     | Killed a two-headed ogre
  8177 | D:10     | Found a white marble altar of Elyvilon.
  8295 | D:10     | Reached skill level 1 in Shields
  8304 | D:10     | Learned a level 1 spell: Summon Small Mammal
  8390 | D:10     | Found a bloodstained altar of Trog.
  8391 | D:10     | Found a stormy altar of Qazlal.
  8413 | D:10     | Found Liyxzousi's Weapon Shoppe.
  8522 | D:10     | Found a staircase to the Lair.
  8538 | Lair:1   | Entered Level 1 of the Lair of Beasts
  8559 | Lair:1   | Reached skill level 5 in Throwing
  8587 | Lair:1   | Noticed a black mamba
  8588 | Lair:1   | Noticed a cane toad
  8601 | Lair:1   | Killed a black mamba
  8602 | Lair:1   | Reached XP level 11. HP: 28/67 MP: 17/17
  9083 | Lair:1   | Noticed Sonja
  9108 | Lair:1   | Killed Sonja
  9184 | Lair:1   | Reached skill level 5 in Evocations
  9504 | Lair:1   | Noticed Urug
  9524 | Lair:1   | Paralysed by Urug for 4 turns
  9540 | Lair:1   | Killed Urug
  9541 | Lair:1   | Reached skill level 5 in Fire Magic
  9959 | Lair:2   | Learned a level 1 spell: Apportation
 10327 | Lair:2   | Identified the +3 leather armour of the Tormentor {Int+5}
 10345 | Lair:2   | Reached skill level 8 in Fighting
 10737 | Lair:2   | Slain by a black mamba

Illustrated notes

Levels and vault maps discovered:
D:1:      minmay_arrival_semitransparent, layout_basic, basic_ecumenical_altar,
          minmay_misc_feat_columns, minmay_crystal_water, grunt_decor_clamped
D:2:      layout_basic, serial_glass, glass_columns_b, glass_columns_a
D:3:      layout_loops_ring, nicolae_ashenzari_skybound
D:4:      minmay_inner_zag, layout_loops_ring, minmay_temple_entry_waves,
          minmay_rat_hole
D:5:      layout_basic, marbit_many_paths, nzn_wu_jian_council_hall,
          nicolae_shop_overcharged_wands, uniq_menkaure, uniq_edmund
D:6:      layout_rooms, nicolae_uskayaw_en_pointe, serial_bayou_lake_a
D:7:      gammafunk_steamed_eel, layout_basic, mainiacjoe_overflow_alcove_4,
          hangedman_decor_lopped
D:8:      minmay_bloctagon, layout_basic, amcnicky_altar_gilded,
          old_standard_altar
D:9:      layout_basic, serial_shops, nicolae_shop_behind_doors, uniq_maggie
D:10:     layout_roguey, lemuel_round_altar, zin_purify, elyvilon_altar_1,
          mainiacjoe_overflow_divided_tiny, lair_entry_dummy, serial_shops,
          nicolae_shop_bloodbath_and_beyond
Lair:1:   layout_cave_shapes, bh_autumn_forest_stairs, serial_bayou_shore_a,
          uniq_urug, uniq_sonja
Lair:2:   layout_small_grid, minmay_snake_entry_guardpost_medium

Skill      XL: |  1  2  3  4  5  6  7  8  9 10 11 |
---------------+----------------------------------+-----
Polearms       | 1 2 3 5 6 |  6.8
Dodging        | 3 4 |  4.1
Fighting       | 4 5 6 7 8 |  8.0
Armour         | 1 2 3 4 5 6 |  6.2
Spellcasting   | 1 2 3 4 |  4.8
Fire Magic     | 1 2 3 4 5 |  5.4
Throwing       | 1 2 3 5 |  5.5
Evocations     | 1 2 4 5 |  5.1
Maces & Flails | 4 5 |  5.6
Shields        | 1 2 |  2.0
Stealth        | |  2.9
Summonings     | |  0.1
Necromancy     | |  0.7

Action                     |  1- 3 |  4- 6 |  7- 9 | 10-12 || total
---------------------------+-------+-------+-------+-------++-------
  Melee: Mace              |    53 |       |       |       ||    53
         Spear             |    20 |   138 |   177 |   272 ||   607
         Punch             |     3 |     1 |     2 |     6 ||    12
         Dire flail        |       |     5 |    72 |    46 ||   123
         Headbutt          |       |     1 |    71 |    90 ||   162
         Kick              |       |     1 |    39 |       ||    40
         Glaive            |       |       |    22 |    53 ||    75
         Long sword        |       |       |       |    21 ||    21
  Throw: Stone             |     2 |     5 |       |       ||     7
         Dart              |       |       |     3 |    19 ||    22
         Javelin           |       |       |       |     5 ||     5
         Throwing net      |       |       |       |     2 ||     2
   Cast: Summon Small Mamm |       |       |       |     1 ||     1
         Necrotise         |       |       |       |     1 ||     1
    Use: Scroll            |     6 |     3 |     4 |     3 ||    16
         Potion            |     2 |     5 |     1 |     3 ||    11
 Armour: Robe              |    22 |       |       |       ||    22
         Chain mail        |    18 |    89 |    94 |       ||   201
         Scale mail        |     1 |       |   121 |   251 ||   373
         Skin              |       |    15 |       |       ||    15
         Plate armour      |       |       |       |    33 ||    33
  Dodge: Dodged            |    37 |    36 |   177 |   201 ||   451
  Block: Other             |       |       |       |    77 ||    77
         Reflection        |       |       |       |     3 ||     3

Table legend: (Time is in decaauts)
 A = Elapsed time spent in this place.
 B = Non-inter-level travel time spent in this place.
 C = Inter-level travel time spent in this place.
 D = Time resting spent in this place.
 E = Time spent auto-exploring this place.
 F = Levels seen in this place.
 G = Mean time per level.
                   A        B        C        D        E       F      G
               +--------+--------+--------+--------+--------+-----+--------+
         Total |  10736 |  10305 |    431 |   2827 |      0 |  12 |  894.7 |
       Dungeon |   8555 |   8161 |    394 |   2000 |      0 |  10 |  855.5 |
          Lair |   2181 |   2144 |     37 |    827 |      0 |   2 | 1090.5 |
               +--------+--------+--------+--------+--------+-----+--------+

Top non-repeatable levels by time:
     D:9: 1439 daAuts
  Lair:1: 1370 daAuts
     D:7: 1099 daAuts
     D:6: 993 daAuts
     D:3: 973 daAuts
    D:10: 889 daAuts
     D:2: 868 daAuts
  Lair:2: 811 daAuts
     D:5: 650 daAuts
     D:1: 642 daAuts
     D:4: 583 daAuts
     D:8: 415 daAuts
